Cogmind - Beta 11 @@@ ROGUE MODE // 2022.04.20 @ 23:02:22 Player: RNGesus Result: Destroyed by EX-DEC with AWS/EX-DEC Performance ------------- Evolutions (1) 500 Regions Visited (5) 1000 Robots Destroyed (85) 425 Value Destroyed (1763) 1763 Prototype IDs (30) 600 Alien Tech Used (0) 0 Bonus (373) 373 TOTAL SCORE: 4661 Bonus ------- High Alert Combat Kills 75 Follower Combat Kills 28 Aligned with FarCom 300 Friendly Fire -30 Cogmind --------- Core Integrity 0/400 Matter 148/300 Energy 100/100 System Corruption 13% Temperature Cool (0) Movement Core (1600) Ox31 Location -9/Exiles Parts ------- > --- POWER (1) -------- (None) > --- PROPULSION (3) --- (None) > --- UTILITY (3) ------ Huge Storage Unit Light Armor Plating Thief Drone Bay (0/3) > --- WEAPON (2) ------- Heavy Assault Rifle 8R-AWN's Boregun > --- INVENTORY (25) --- Advanced Myomer Leg Disposable Heat Sink Light Armor Plating Hardened Light Armor Plating Hardened Light Armor Plating AS-neutralizer No. 17b Heavy Assault Rifle Improved Assault Rifle Improved Assault Rifle 8R-AWN's Boregun Rocket Launcher Plasma Cutter Longsword +1 Peak State ------------ > --- POWER ------------ Light Nuclear Core > --- PROPULSION ------- Light Treads > --- UTILITY ---------- Huge Storage Unit Light Armor Plating Thief Drone Bay > --- WEAPON ----------- Heavy Assault Rifle 8R-AWN's Boregun > --- INVENTORY -------- Advanced Myomer Leg Disposable Heat Sink Light Armor Plating Light Armor Plating Hardened Light Armor Plating Hardened Light Armor Plating AS-neutralizer No. 17b Heavy Assault Rifle Improved Assault Rifle Improved Assault Rifle 8R-AWN's Boregun Rocket Launcher Plasma Cutter Longsword +1 [Rating: 30] Favorites ----------- Power Improved Ion Engine Engine Improved Ion Engine Power Core Light Nuclear Core Propulsion Light Treads Treads Light Treads Wheel Armored Wheel Utility Huge Storage Unit Device Disposable Heat Sink Storage Huge Storage Unit Protection Hardened Light Armor Plating Weapon Heavy Assault Rifle Energy Gun Improved Medium Laser Ballistic Gun Heavy Assault Rifle Launcher Rocket Launcher Special Weapon Plasma Cutter Build | -11 -10 -10 -9 -9 -9 ------- Run | Scr Mat Min Mat Min Exi Slots Evolved 2 | . . . 2 . . Power . | . . . . . . Propulsion 1 | . . . 1 . . Utility 1 | . . . 1 . . Weapon . | . . . . . . Parts Attached 65 | 6 5 10 20 4 20 Power 4 | 1 1 1 1 . . Engine 3 | 1 1 1 . . . Core 1 | . . . 1 . . Reactor . | . . . . . . Propulsion 20 | 2 1 2 11 . 4 Treads 19 | 2 1 2 10 . 4 Leg . | . . . . . . Wheel 1 | . . . 1 . . Hover . | . . . . . . Flight . | . . . . . . Utility 13 | 1 2 2 4 . 4 Device 3 | . . 1 1 . 1 Storage 3 | 1 1 . 1 . . Processor . | . . . . . . Hackware . | . . . . . . Protection 7 | . 1 1 2 . 3 Artifact . | . . . . . . Weapon 28 | 2 1 5 4 4 12 Energy Gun 3 | 2 . . 1 . . Energy Cannon . | . . . . . . Ballistic Gun 18 | . 1 4 3 2 8 Ballistic Cannon . | . . . . . . Launcher 5 | . . 1 . 2 2 Special Weapon 2 | . . . . . 2 Impact Weapon . | . . . . . . Slashing Weapon . | . . . . . . Piercing Weapon . | . . . . . . Special Melee Weapon . | . . . . . . Unidentified Prototypes 3 | . . 1 1 . 1 Parts Lost 19 | . 1 . 4 . 14 Power 2 | . 1 . . . 1 Propulsion 8 | . . . 1 . 7 Utility 4 | . . . 1 . 3 Weapon 5 | . . . 2 . 3 Highest Loss Streak 8 | . 1 . 1 . 8 To Critical Strikes 4 | . . . . . 4 Average Slot Usage (%) 95 | . 88 100 99 100 86 Engine 7 | . 14 14 10 . . Core 3 | . . . . 11 11 Treads 25 | . 28 28 23 22 27 Wheel 6 | . . . 9 11 4 Device 8 | . . . 11 11 11 Storage 11 | . 14 14 11 11 11 Protection 9 | . 3 14 11 11 6 Energy Gun 5 | . 17 . 8 . . Ballistic Gun 15 | . 10 27 13 21 10 Naked Turns . | . . . . . . Heaviest Build 99 | 10 30 38 99 95 98 Greatest Support 60 | 40 40 40 60 12 60 Greatest Overweight (x) 8 | 2 . . 8 7 7 Average Overweight (x) 4 | . . . 6 7 4 Largest Inventory Capacity 25 | 8 15 15 25 25 25 Average Capacity 21 | 7 10 15 24 25 25 Most Carried 25 | 3 15 15 25 25 25 Average Carried 19 | 1 9 14 22 25 20 Final Capacity 25 | 8 15 15 25 25 25 Final Carried 25 | 3 15 14 25 25 13 Class Distribution -------------------- 70% | Scavenger-Mutant 29% | Mutant Dominant Class ---------------- Mutant | -10/Materials Mutant | -10/Mines Scavenger-Mutant | -9/Materials Scavenger-Mutant | -9/Mines Scavenger-Mutant | -9/Exiles Resources | -11 -10 -10 -9 -9 -9 ----------- Run | Scr Mat Min Mat Min Exi Matter Collected 2047 | 235 104 170 765 51 722 Remotely . | . . . . . . Salvage Created 2840 | . 473 132 1981 133 121 Parts 184 | . 27 16 125 9 7 Haulers Intercepted 7 | . 1 . 6 . . Recyclers Shooed 1 | . . . 1 . . Parts Field Recycled . | . . . . . . Retrieved Matter . | . . . . . . Parts Self-Destructed . | . . . . . . Prevented . | . . . . . . Kills | -11 -10 -10 -9 -9 -9 ------- Run | Scr Mat Min Mat Min Exi Combat Hostiles Destroyed 60 | . 13 7 31 6 3 Guns 48 | . 13 4 31 . . Cannons 1 | . . . . . 1 AOE 11 | . . 3 . 6 2 Classes Destroyed 13 | . 4 1 7 . 1 Worker 7 | . . . 6 1 . Builder 2 | . . . 2 . . Tunneler 3 | . 1 1 1 . . Hauler 7 | . 1 . 6 . . Recycler 3 | . . . 3 . . Mechanic 1 | . . . 1 . . Operator 2 | . . . 2 . . Watcher 2 | . . . 2 . . Swarmer 22 | . 6 6 10 . . Grunt 23 | . 7 . 10 6 . Brawler 1 | . . . 1 . . Sentry 11 | . . 1 10 . . Assembled 2 | . . . . . 2 Best Kill Streak 10 | . 10 3 5 3 2 Combat Bots Only 10 | . 10 3 4 3 2 Max Kills in Single Turn 2 | . 1 1 2 1 2 Gunslinging 1 | . . . 1 . . Exploded 2 | . . 1 . 1 2 Melee . | . . . . . . Uniques/NPCs Destroyed 1 | . . . . . 1 8R-AWN (-9/Exiles) Combat | -11 -10 -10 -9 -9 -9 -------- Run | Scr Mat Min Mat Min Exi Damage Taken 4335 | . 432 260 1391 163 2089 Core 474 | . 38 24 102 25 285 Absorbed by Shields . | . . . . . . Core Remaining (%) 87 | 100 . 75 . . . Volleys Fired 296 | . 51 22 133 10 80 Largest 2 | . 2 2 2 2 2 Hottest 80 | . 80 43 79 46 46 Shots Fired 547 | . 102 39 266 12 128 Gun 506 | . 102 34 266 3 101 Cannon . | . . . . . . Launcher 29 | . . 5 . 9 15 Special 12 | . . . . . 12 Kinetic 338 | . 29 34 171 3 101 Thermal 180 | . 73 . 95 . 12 Explosive 29 | . . 5 . 9 15 Electromagnetic . | . . . . . . Robot Hit Streak 14 | . 13 13 14 5 12 Robot Miss Streak 5 | . 4 1 5 2 3 Penetration Max . | . . . . . . Secondary Targets 9 | . 4 . 5 . . Max Gunslinging Chain 1 | . 1 . 1 . . Shots Hit Robots 354 | . 68 28 168 8 82 Core Hits 149 | . 28 13 69 10 29 Critical Kills 1 | . . . 1 . . Critical Parts Destroyed 1 | . . . . . 1 Critical Strikes 9 | . . . 8 . 1 Burn 7 | . . . 7 . . Destroy 2 | . . . 1 . 1 Melee Attacks . | . . . . . . Impact . | . . . . . . Slashing . | . . . . . . Piercing . | . . . . . . Sneak Attacks . | . . . . . . Combat Hostiles . | . . . . . . Follow-up Attacks . | . . . . . . Damage Inflicted 6500 | . 742 480 2802 646 1830 Guns 4963 | . 742 228 2802 29 1162 Cannons . | . . . . . . Explosions 1496 | . . 252 . 617 627 Melee . | . . . . . . Ramming . | . . . . . . Kinetic 3401 | . 146 228 1836 29 1162 Thermal 1603 | . 596 . 966 . 41 Explosive 1496 | . . 252 . 617 627 Electromagnetic . | . . . . . . Impact . | . . . . . . Slashing . | . . . . . . Piercing . | . . . . . . Highest Corruption 13 | . . . 4 4 13 Average Corruption 4 | . . . 3 4 4 Corruption Purged . | . . . . . . Corruption Blocked . | . . . . . . Effects 116 | . . . 43 25 48 Message Errors 28 | . . . 13 5 10 Matter Fused 25 | . . . 7 8 10 Heat Flow Errors 15 | . . . 7 3 5 Energy Discharges 19 | . . . 5 5 9 Data Loss (minor) 12 | . . . 6 . 6 Data Loss (major) 4 | . . . 1 1 2 Misfires 5 | . . . 2 1 2 Alerts 4 | . . . 1 2 1 Weapon Failures 4 | . . . 1 . 3 Overload Shots . | . . . . . . Overflow Damage 60 | . . . . 33 27 Projectiles . | . . . . . . Explosions 60 | . . . . 33 27 Melee . | . . . . . . Knockbacks . | . . . . . . Impact . | . . . . . . Kinetic . | . . . . . . Secondary . | . . . . . . Self-Inflicted Damage 80 | . . 28 . 28 24 Shots 5 | . . 3 . 1 1 Rammed . | . . . . . . Targets Rammed . | . . . . . . Kicked . | . . . . . . Crushed . | . . . . . . Highest Temperature 294 | . 289 42 294 223 224 Average Temperature 67 | . 108 15 55 68 76 Received Heat Transfer 750 | . 150 81 441 78 . Siege Activations . | . . . . . . Robots Corrupted . | . . . . . . Combat Hostiles . | . . . . . . Parts Fried . | . . . . . . Impact Corruptions . | . . . . . . Robots Melted . | . . . . . . Combat Hostiles . | . . . . . . Parts Melted 6 | . 1 . 5 . . Heat Transferred 3937 | . 1275 . 2590 . 72 Parts Sabotaged . | . . . . . . Parts Stolen . | . . . . . . Parts Stripped . | . . . . . . Power Chain Reactions . | . . . . . . Missiles Intercepted . | . . . . . . Alert | -11 -10 -10 -9 -9 -9 ------- Run | Scr Mat Min Mat Min Exi Peak Influence 661 | . 262 244 661 318 . Initial 256 | . . 39 . 256 . Average 215 | . 90 101 306 182 . Maximum Alert Level 2 | . 1 1 2 1 . Low Security (%) 49 | 100 85 80 28 44 . Level 1 39 | . 14 19 48 55 . Level 2 11 | . . . 22 . . Level 3 . | . . . . . . Level 4 . | . . . . . . Level 5 . | . . . . . . High Security . | . . . . . . Max Security . | . . . . . . Squads Dispatched 7 | . 3 . 4 . . Investigation 2 | . 1 . 1 . . Extermination . | . . . . . . Reinforcement 5 | . 2 . 3 . . Assault . | . . . . . . Garrison . | . . . . . . Intercept . | . . . . . . Searches Triggered . | . . . . . . Construction Impeded 1 | . . . 1 . . Haulers Reinforced . | . . . . . . Active Scanning Responses . | . . . . . . Cargo Convoy Interrupts . | . . . . . . Stealth | -11 -10 -10 -9 -9 -9 --------- Run | Scr Mat Min Mat Min Exi Distress Signals 7 | . 2 . 5 . . Communications Jammed . | . . . . . . Distress Signals . | . . . . . . Times Spotted 148 | . 29 9 64 10 36 Peak Tracking Total 10 | . 8 3 4 4 10 Tactical Retreats 7 | . . 1 . . 6 Traps | -11 -10 -10 -9 -9 -9 ------- Run | Scr Mat Min Mat Min Exi Traps Triggered 5 | . 2 . 3 . . Indirectly . | . . . . . . Trap Hack Attempts . | . . . . . . Triggered . | . . . . . . Disarmed . | . . . . . . Reprogrammed . | . . . . . . Reused . | . . . . . . Traps Extracted . | . . . . . . Installed . | . . . . . . Triggered . | . . . . . . Exploded 3 | . . . . . 3 Machines | -11 -10 -10 -9 -9 -9 ---------- Run | Scr Mat Min Mat Min Exi Machines Disabled 8 | . . . 2 1 5 Max in Single Turn 1 | . . . 1 . 1 Machines Sabotaged . | . . . . . . Garrisons Compromised . | . . . . . . Overloaded Fab Kills . | . . . . . . Hacking | -11 -10 -10 -9 -9 -9 --------- Run | Scr Mat Min Mat Min Exi Machines Accessed 10 | . 2 1 5 . 2 Terminals 7 | . 2 . 5 . . Fabricators . | . . . . . . Repair Stations . | . . . . . . Recycling Units . | . . . . . . Scanalyzers . | . . . . . . Garrison Access . | . . . . . . Total Hacks 18 | . 4 1 8 . 5 Successful 15 | . 3 1 6 . 5 Failed 3 | . 1 . 2 . . Catastrophic . | . . . . . . Database Lockouts . | . . . . . . Manual 5 | . 2 . 2 . 1 Terminals 12 | . 4 . 8 . . Fabricators . | . . . . . . Repair Stations . | . . . . . . Recycling Units . | . . . . . . Scanalyzers . | . . . . . . Garrison Access . | . . . . . . Terminal Hacks 15 | . 3 1 6 . 5 Record 4 | . . . . . 4 Robot Analysis 2 | . 2 . . . . Prototype ID Bank 3 | . 1 . 2 . . Open Door 1 | . . 1 . . . Alert Level 2 | . . . 2 . . Hauler Manifests 1 | . . . 1 . . Registered Components 1 | . . . 1 . . EX-Prototype ID Bank 1 | . . . . . 1 Fabricator Hacks . | . . . . . . Repair Station Hacks . | . . . . . . Recycling Unit Hacks . | . . . . . . Scanalyzer . | . . . . . . Garrison Access Hacks . | . . . . . . Unauthorized Hacks . | . . . . . . Terminals . | . . . . . . Fabricators . | . . . . . . Repair Stations . | . . . . . . Recycling Units . | . . . . . . Scanalyzers . | . . . . . . Garrison Access . | . . . . . . Data Cores Recovered . | . . . . . . Used . | . . . . . . Hacking Detections 4 | . 2 . 2 . . Full Trace Events . | . . . . . . Feedback Events . | . . . . . . Feedback Blocked . | . . . . . . Robot Schematics Acquired . | . . . . . . Robots Built . | . . . . . . Authchips . | . . . . . . Time . | . . . . . . Total Robot Build Rating . | . . . . . . Part Schematics Acquired . | . . . . . . Parts Built . | . . . . . . Authchips . | . . . . . . Time . | . . . . . . Total Part Build Rating . | . . . . . . Parts Repaired . | . . . . . . Time . | . . . . . . Parts Recycled . | . . . . . . Recycled Matter . | . . . . . . Retrieved Matter . | . . . . . . Retrieved Components . | . . . . . . Parts Scanalyzed . | . . . . . . Part Schematics Acquired . | . . . . . . Parts Damaged . | . . . . . . Bothacking | -11 -10 -10 -9 -9 -9 ------------ Run | Scr Mat Min Mat Min Exi Used RIF Installer . | . . . . . . Robots Hacked . | . . . . . . Non-combat . | . . . . . . Combat . | . . . . . . Robot Hacks Applied . | . . . . . . Relay Couplers Released . | . . . . . . Fabnet Peak Effective % . | . . . . . . Robots Rewired . | . . . . . . Allies Hacked . | . . . . . . Hacks Repelled . | . . . . . . Allies | -11 -10 -10 -9 -9 -9 -------- Run | Scr Mat Min Mat Min Exi Total Allies 6 | . . . . 6 . Largest Group 5 | . . . . 5 5 Highest-Rated Group 79 | . . . . 79 79 Highest-Rated Ally 31 | . . . . 31 31 Total Orders 2 | . . . . . 2 STAY 1 | . . . . . 1 RETURN 1 | . . . . . 1 Ally Attacks 54 | . . . . 9 45 Total Damage 422 | . . . . 110 312 Kills 7 | . . . . 4 3 Allies Corrupted . | . . . . . . Allies Melted . | . . . . . . Intel | -11 -10 -10 -9 -9 -9 ------- Run | Scr Mat Min Mat Min Exi Robot Analysis Total 2 | . 2 . . . . Derelict Logs Recovered 2 | . . 1 . 1 . Drone Launches 8 | . . . . . 8 Drone Recoveries 5 | . . . . . 5 Exploration | -11 -10 -10 -9 -9 -9 ------------- Run | Scr Mat Min Mat Min Exi Turns Passed 8643 | 97 1063 1042 3423 1141 1877 Spaces Moved 3812 | 57 550 604 1384 505 712 Core 8 | 8 . . . . . Treads 1788 | 49 550 604 244 . 341 Legs . | . . . . . . Wheels 2016 | . . . 1140 505 371 Hover . | . . . . . . Flight . | . . . . . . Fastest Speed 50 | 50 160 160 160 195 195 Average Speed 192 | 149 160 160 208 195 216 Slowest Speed 240 | 160 160 160 240 195 240 Overloaded Moves . | . . . . . . Propulsion Burnouts . | . . . . . . Robots Hopped . | . . . . . . Cave-ins Triggered . | . . . . . . Exploration Rate (%) 75 | 4 96 100 96 74 80 Regions Visited 5 Branch Regions 3 Pre-discovered Areas 2 | . . 1 . . 1 Known Exits Taken . | . . . . . . Unknown Exits Taken 5 | 1 1 1 1 1 . Scrap Searched 3 | . . 2 . 1 . Spaces Dug 7 | . . 7 . . . Terrain Destroyed 110 | . . 24 . 71 15 Melee . | . . . . . . Projectile . | . . . . . . AOE 110 | . . 24 . 71 15 Terrain Rammed . | . . . . . . Walls Destroyed . | . . . . . . Machines Disabled . | . . . . . . Actions | -11 -10 -10 -9 -9 -9 --------- Run | Scr Mat Min Mat Min Exi Total 4579 | 66 640 647 1666 650 910 Wait 294 | 1 11 4 70 130 78 Move 3807 | 56 549 603 1383 504 712 Hop . | . . . . . . Pick Up 60 | 3 17 1 32 1 6 Fast Attach 9 | 6 2 . 1 . . Attach 23 | . 2 1 8 . 12 Detach 4 | . 1 . 1 . 2 Swap 33 | . 1 9 11 4 8 Drop 53 | . 6 7 27 1 12 Fire 296 | . 51 22 133 10 80 Melee . | . . . . . . Ram . | . . . . . . Kick . | . . . . . . Crush . | . . . . . . Escape Stasis . | . . . . . . Rewire . | . . . . . . Trap . | . . . . . . Miscellaneous . | . . . . . . Route ------- -11/Scrapyard -10/Materials (discovered 5 exits: *Mat x3 / *Min x2) -10/Mines (discovered 2 exits: *Mat x2) -9/Materials (discovered 5 exits: [*Mat x3] / [*Min x2]) -9/Mines (discovered 3 exits: [*Mat x2] / *Exi) -9/Exiles (discovered 2 exits: [*Min x2]) History --------- Turn | Location | Event 31 | -11/Scrapyard | Discovered new exit (range 15) 98 | -11/Scrapyard | Entered Materials 308 | -10/Materials | Build established: Mutant 380 | -10/Materials | Destroyed 10 combat bots 434 | -10/Materials | Discovered new exit (range 5) 557 | -10/Materials | Discovered new exit (range 16) 608 | -10/Materials | Discovered new exit (range 8) 896 | -10/Materials | Discovered new exit (range 12) 1013 | -10/Materials | Discovered new exit (range 14) 1161 | -10/Materials | Entered Mines 1179 | -10/Mines | Met a Derelict bent on vengeance 1231 | -10/Mines | Discovered new exit (range 8) 1416 | -10/Mines | Learned Materials terminal intel 1417 | -10/Mines | Learned location of Storage (-7) 1419 | -10/Mines | Discovered new exit (range 5) 1591 | -10/Mines | Found the Drone Emporium 1599 | -10/Mines | Found Prototype Device 1600 | -10/Mines | Identified Thief Drone Bay 2032 | -10/Mines | Build established: Scavenger-Mutant 2203 | -10/Mines | Entered Materials 2203 | -9/Materials | Evolved 2 slots: Propulsion x1, Utility x1 2204 | -9/Materials | Loaded intel: 12 terminal locations 2505 | -9/Materials | Discovered new exit (range 13) 3722 | -9/Materials | Discovered new exit (range 5) 4524 | -9/Materials | Discovered new exit (range 15) 4564 | -9/Materials | Discovered new exit (range 16) 5018 | -9/Materials | Discovered new exit (range 16) 5626 | -9/Materials | Entered Mines 5629 | -9/Mines | Received a Mining Laser from a helpful Derelict 5665 | -9/Mines | Assembled infested the area 6039 | -9/Mines | Learned location of 2 exits from Materials 6511 | -9/Mines | Received a Rocket Launcher from a helpful Derelict 6557 | -9/Mines | Discovered new exit (range 7) 6595 | -9/Mines | Discovered new exit (range 4) 6686 | -9/Mines | Assisted by bots powering up and referring to "LRC-V3" 6754 | -9/Mines | Deemed a non-threat by the Exiles lab entrance 6754 | -9/Mines | Discovered new exit (range 5) 6767 | -9/Mines | Entered Exiles 6767 | -9/Exiles | Accompanied by 5 allies 6797 | -9/Exiles | Led the pair of lost Derelicts to a safe place 6801 | -9/Exiles | Discovered new exit (range 15) 6916 | -9/Exiles | Met 8R-AWN 6948 | -9/Exiles | Met EX-HEX 7028 | -9/Exiles | Met EX-DEC 7035 | -9/Exiles | Learned location of Zion (-7) 7067 | -9/Exiles | Met EX-BIN 7094 | -9/Exiles | Aligned with FarCom system 7096 | -9/Exiles | Given EX-Vault access code 7131 | -9/Exiles | Build established: Mutant 7145 | -9/Exiles | Opened EX-Vault 7162 | -9/Exiles | Found Longsword +1 7204 | -9/Exiles | Warned to stay clear of 0b10 Research branches 7474 | -9/Exiles | Attacked by the Exiles 7688 | -9/Exiles | Discovered new exit (range 16) 7690 | -9/Exiles | Lost 5 parts (3n1u1w) 7968 | -9/Exiles | Build established: Scavenger-Mutant 8488 | -9/Exiles | Destroyed 8R-AWN 8604 | -9/Exiles | Core integrity fell below 50% 8626 | -9/Exiles | Core integrity fell below 20% 8626 | -9/Exiles | System corruption reached 10% 8633 | -9/Exiles | Found 8R-AWN's Boregun 8644 | -9/Exiles | Destroyed by EX-DEC with AWS/EX-DEC Last Messages --------------- 08608_ A,GP|JB=P8POX1:27ZQX2SERESFQ 08608_ Machine disabled. 08609_ Lgt. Treads destroyed. 08615_ Hvy. Assault Rifle destroyed. 08626_ System corrupted: Component data lost. 08627_ Lgt. Treads destroyed. 08627_ System corrupted: Hvy. Assault Rifle jammed. 08630_ Destroyed EX Chip 1. 08631_ Hvy. Assault Rifle destroyed. 08633_ Identified 8R-AWN's Boregun. 08634_ HV Slug penetrates EX-BIN. 08634_ EX-BIN suffers critical hit (Destroy). 08634_ Destroyed Prototype Reactor. 08636_ Lgt. Armor Plating destroyed. 08636_ HV Slug penetrates EX-DEC. 08641_ HV Slug penetrates Machine. 08641_ HV Slug penetrates Wall. 08642_ Lgt. Treads destroyed. 08642_ Lgt. Nuclear Core destroyed. 08643_ HV Slug penetrates EX-DEC. Map ----- +----------------------------------------------------+ | ????????????????#""" ""## ##""" " | | ????????????????#"" ""#### ######"" | | ????????????????#" """"##??# ?????### | | ????????????????#""" """#???# ????????# | | ????????????????## ""##???! ????????? | | ?????????????????#"" """##???#" ????????? | | ?????????????????##""" ##????#"?????????? | | ??????????????????##"""" ##??????!?????????? | | ???????????????????### #?????????????????? | | ?????????????????????##### ##?????????????????? | | ?????????????????????????## #??????????????????? | | ??????????????????????????# #??????????????????? | | ??????????????????????????# #??????????????????? | | ??????????????????????????# #??????????????????? | | ??????????????????????????# #??????????????????? | | ???????????????#"""???????# #??????????????????? | | ????????????????""""??????# #??????????????????? | | ???????????????#" "??????# #??????????????????? | | ???????????????#"" "?????# #??????????????????? | | ????????????????"" ?????#z #??????????????????? | | ?????????????#####"""###### #######????????????? | | ?????????????""" "" " """""""#???????????? | | ????????? """""" % "#"??????????? | | ??????? % " "???????? | | ??????? c % " "????????? | | ??????? c @ " "????????? | | ??????? #"" ????????? | | ???????? " """"" " "" """""#???????????? | | ????????????#""###"""########"""######???????????? | | ????????????????"" ???????? ""???????????????? | | ????????????????""" ???????? """???????????????? | | ????????????????" "????????"""""???????????????? | | ????????????????""""????????? """????????????????? | | ?????????????????""??????????"???????????????????? | | ?????????????????????????????????????????????????? | | ?????????????????????????????????????????????????? | | ?????????????????????????????????????????????????? | | ?????????????????????????????????????????????????? | | ?????????????????????????????????????????????????? | | | | | | | | | | | | | | | | | | | | | | | +----------------------------------------------------+ Best States ------------- Heat Dissipation 28 Coolant Potential 50 Energy Generation 14 Energy Capacity 265 Matter Stores 300 Matter Capacity 300 Sight Range 16 Terrain Scan Density 10 Armor Coverage 150 Evasion (%) 40 Recoil Reduction 3 Item Schematics ----------------- None Robot Schematics ------------------ None Fabricated ------------ Nothing Alien Tech Used ----------------- None Achievements -------------- None Challenges ------------ None Game ------ Seed CloakingWeaponScreen Manual? 0 Play Time 00:40:53 Cumulative 343.8 hours Start 2022.04.20 @ 21:36:20 End 2022.04.20 @ 23:02:22 Sessions 1 Manual Loads 0 Difficulty Rogue Special Mode None Game No. 509 Rogue 509 Adventurer 0 Explorer 0 Win Type - Total 6 Types 4/0/1/1/0/0/0/0/0 Lore% 81 Gallery% 84 Achievement% 66 Wizard Run 0 Options --------- ASCII 0 Keyboard 1 Movement Numpad Keybinds 0 Fullscreen 2 Font 24/Smallcaps Map View 76x50 Tactical HUD 1 Map Filters NONE Filters NONE Steam 1 RUN: 2dd32829-8f84-4d08-9264-3a228ff509f3